 Dungeon Crawl Stone Soup version 0.27-a0-1147-gb3d8e82157 (webtiles) character file.

Game seed: 2466077686975269503

299 st0uf the Digger (level 6, -4/32 HPs)
             Began as a Gargoyle Earth Elementalist on May 11, 2021.
             Slain by Edmund
             ... wielding a +2 flail of draining
              (7 damage)
             ... on level 3 of the Dungeon.
             The game lasted 00:11:35 (3523 turns).

st0uf the Digger (Gargoyle Earth Elementalist)      Turns: 3523, Time: 00:11:35

Health: -4/32      AC:  6    Str: 12    XL:     6   Next: 36%
Magic:  10/10      EV: 12    Int: 23    God:
Gold:   109        SH:  0    Dex: 10    Spells: 5/11 levels left

rFire    . . .     SeeInvis .   t - +2 hand axe (venom)
rCold    . . .     Faith    .   (no shield)
rNeg     + . .     Spirit   .   c - +0 robe
rPois    ∞         Reflect  .   (no helmet)
rElec    +         Harm     .   (no cloak)
rCorr    .         Rampage  .   (no gloves)
Will     .....                  (no boots)
Stlth    ++........             f - amulet of the acrobat
HPRegen  0.10/turn              g - +6 ring of intelligence
MPRegen  0.12/turn              (no ring)

@: no status effects
A: sickness immunity, AC +4, negative energy resistance 1, electricity
resistance, torment resistance 1, petrification resistance
a: no special abilities


You were on level 3 of the Dungeon.
You visited 1 branch of the dungeon, and saw 4 of its levels.

You collected 109 gold pieces.

Inventory:

Hand Weapons
 o - a +1 flail of protection
 t - a +2 hand axe of venom (weapon)
Missiles
 b - 51 stones
 q - 7 curare-tipped darts
Armour
 c - a +0 robe (worn)
Jewellery
 e - an amulet of faith
 f - an amulet of the acrobat (around neck)
 g - a +6 ring of intelligence (left hand)
 s - a ring of protection from fire
Wands
 p - a wand of polymorph (8)
Scrolls
 j - a scroll of noise {unknown}
 k - 3 scrolls of identify {unknown}
 m - a scroll of immolation {unknown}
 n - a scroll of magic mapping {unknown}
Potions
 a - 2 potions of brilliance {unknown}
 d - 2 potions of heal wounds {unknown}
 h - a potion of mutation {unknown}
 i - a potion of haste {unknown}
 l - 2 potions of ambrosia {unknown}
 r - a potion of lignification {unknown}
 u - a potion of magic {unknown}


   Skills:
 + Level 2.6 Dodging
 + Level 3.8 Stealth
 + Level 3.1 Spellcasting
 + Level 1.0 Conjurations
 + Level 2.1 Transmutations
 + Level 4.9 Earth Magic


You had 5 spell levels left.
You knew the following spells:

 Your Spells              Type           Power      Damage    Failure   Level
a - Sandblast             Erth           52%        2d12      1%          1
b - Stone Arrow           Conj/Erth      34%        3d9       10%         3
c - Passwall              Tmut/Erth      16%        N/A       4%          2

Your spell library contained the following spells:

 Spells                   Type           Power      Damage    Failure   Level
 Sting                    Tmut/Pois      32%        1d4       8%          1
 Poisonous Vapours        Pois/Air       6%         N/A       17%         2
 Ignite Poison            Fire/Tmut/Pois 6%         N/A       26%         3
 Petrify                  Tmut/Erth      20%        N/A       26%         4
 Mephitic Cloud           Conj/Pois/Air  5%         N/A       30%         3
 Lee's Rapid Deconstruct  Erth           13%        3d10*     38%         5
 Olgreb's Toxic Radiance  Pois           3%         N/A       75%         4


Dungeon Overview and Level Annotations

Branches:
Dungeon (4/15)
 Temple: D:4-7

Altars:
Ashenzari
Gozag
Qazlal

Annotations:
D:3 Edmund


Innate Abilities, Weirdness & Mutations

You are immune to sickness and miasma.
Your stone body is resilient. (AC +4)
You are immune to poison.
You resist negative energy. (rN+)
You are resistant to electric shocks. (rElec)
You are resistant to unholy torment.
You are immune to petrification.


Message History

Aim: Edmund, wielding a +2 flail of draining and wearing a +0 scale mail (lightly wounded, 83% to hit)
Okay, then.
Edmund misses you.
Casting: Sandblast (safe; 1% risk of failure)
Confirm with . or Enter, or press ? or * to list all spells.
Aiming: Sandblast (safe; 1% risk of failure)
Press: ? - help, Shift-Dir - straight line, f/p - Edmund
Aim: Edmund, wielding a +2 flail of draining and wearing a +0 scale mail (lightly wounded, 83% to hit)
The blast of sand hits Edmund but does no damage.
Edmund is lightly wounded.
Edmund hits you with a +2 flail of draining!
Sorry, you're not good enough to have a special ability.
Casting: Sandblast (safe; 1% risk of failure)
Confirm with . or Enter, or press ? or * to list all spells.
Aiming: Sandblast (safe; 1% risk of failure)
Press: ? - help, Shift-Dir - straight line, f/p - Edmund
Aim: Edmund, wielding a +2 flail of draining and wearing a +0 scale mail (lightly wounded, 83% to hit)
The blast of sand hits Edmund but does no damage.
Edmund is lightly wounded.
Edmund hits you but does no damage.
You hit Edmund.
Edmund is poisoned.
Edmund is moderately wounded.
Edmund hits you with a +2 flail of draining!
The kobold hits you but does no damage.
Edmund mutters, "Who needs spells, anyway?"
You hit Edmund.
Edmund looks even sicker.
Edmund is moderately wounded.
Edmund hits you with a +2 flail of draining.
The kobold throws a poisoned dart.
The poisoned dart closely misses you.
Edmund clears his throat.
There is a stone staircase leading up here.
Edmund hits you with a +2 flail of draining!
* * * LOW HITPOINT WARNING * * *
You climb upwards.
There is a stone staircase leading down here.
Edmund looks more healthy.
You closely miss Edmund.
Edmund is severely wounded.
Edmund hits you with a +2 flail of draining!
You die...

#########..####.#.....8)###......
# ##..###..###)#...#.#..>#.# #
##...#.....##.#....##..##.# #
#.........#.##.##...##.##.# #
##...#.#..##.)#.###..#.##.#
#...#.##.##########.#..#.#
#.###.##.....(.....(.....#
#.###.####.......###.###.#
#.##...>@@.###.###..<# #..
#.##.......# ♣.♣ #.### ###
#.##.#####.#♣♣.♣♣#.# #.##.#
#.........# # #.##.# ###♣♣.♣♣###
# #....# ♣.♣ # ## ###### ##.## #
.# #...# # .######### ##.#.# #


You could see Edmund.

Vanquished Creatures
  A scorpion (D:4)
  4 orc wizards (D:3)
  5 gnolls
  An adder (D:2)
  2 worms (D:2)
  A dart slug (D:1)
  9 orcs (D:3)
  2 ball pythons
  10 endoplasms
  6 hobgoblins
  4 jackals (D:4)
  5 kobolds
  4 bats
  6 frilled lizards
  6 goblins
  4 rats
70 creatures vanquished.

Vanquished Creatures (others)
  A plant (D:2)
1 creature vanquished.

Grand Total: 71 creatures vanquished

Notes
Turn   | Place    | Note
-------+----------+-------------------------------------------
     0 | D:1      | st0uf the Gargoyle Earth Elementalist began the quest for
                  | the Orb.
     0 | D:1      | Reached XP level 1. HP: 10/10 MP: 3/3
   204 | D:1      | Reached skill level 1 in Transmutations
   204 | D:1      | Reached XP level 2. HP: 15/15 MP: 1/5
   261 | D:1      | You fall into a shaft and drop 1 floor!
   399 | D:2      | Reached skill level 4 in Earth Magic
   399 | D:2      | Reached XP level 3. HP: 19/19 MP: 4/6
   405 | D:2      | Learned a level 3 spell: Stone Arrow
   408 | D:2      | Learned a level 2 spell: Passwall
   526 | D:2      | You fall into a shaft and drop 2 floors!
   731 | D:1      | Reached XP level 4. HP: 24/24 MP: 2/7
  1599 | D:2      | Found a faded altar of an unknown god.
  2086 | D:3      | Found an opulent altar of Gozag.
  2086 | D:3      | Found a stormy altar of Qazlal.
  2087 | D:3      | Found a broken altar of Ashenzari.
  2376 | D:3      | Reached XP level 5. HP: 28/28 MP: 5/9
  2737 | D:3      | Reached XP level 6. HP: 28/32 MP: 5/10
  3275 | D:4      | Reached skill level 1 in Conjurations
  3473 | D:4      | Noticed Edmund
  3523 | D:3      | Slain by Edmund

Illustrated notes

Levels and vault maps discovered:
D:1:      dpeg_arrival_rooms_b, layout_basic
D:2:      layout_basic, shapermc_ecumenical_altar_mp_urbaneastern,
          grunt_ministairs_14
D:3:      layout_loops_ring, chequers_temple_overflow_statue_of_worship,
          minmay_misc_feat_roman, minmay_misc_feat_tiny,
          minmay_tree_intersection, guppyfry_early_orc_mine
D:4:      layout_cave_pods, uniq_edmund, uniq_ijyb

Skill      XL: |  1  2  3  4  5  6 |
---------------+-------------------+-----
Transmutations | 1 2 |  2.1
Earth Magic    | 4 |  4.9
Dodging        | 2 |  2.6
Stealth        | 3 |  3.8
Spellcasting   | 3 |  3.1
Conjurations   | 1 |  1.0

Action                   |  1- 3 |  4- 6 || total
-------------------------+-------+-------++-------
Melee: Unarmed           |     6 |       ||     6
       Flail             |       |    47 ||    47
       Hand axe          |       |    26 ||    26
 Cast: Sandblast         |    29 |    52 ||    81
 Stab: Sleeping          |       |     1 ||     1
Armor: Robe              |     7 |    36 ||    43
Dodge: Dodged            |    15 |    70 ||    85

Table legend: (Time is in decaauts)
 A = Elapsed time spent in this place.
 B = Non-inter-level travel time spent in this place.
 C = Inter-level travel time spent in this place.
 D = Time resting spent in this place.
 E = Time spent auto-exploring this place.
 F = Levels seen in this place.
 G = Mean time per level.
                   A        B        C        D        E       F      G
               +--------+--------+--------+--------+--------+-----+--------+
         Total |   3552 |   3437 |    115 |    100 |   2654 |   4 |  888.0 |
       Dungeon |   3552 |   3437 |    115 |    100 |   2654 |   4 |  888.0 |
               +--------+--------+--------+--------+--------+-----+--------+

Top non-repeatable levels by time:
     D:1: 1116 daAuts
     D:2: 1059 daAuts
     D:3: 1051 daAuts
     D:4: 325 daAuts
